 Dungeon Crawl Stone Soup version 0.21.0 (console) character file.

63 Kloppie the Skirmisher (level 3, 0/35 HPs)
             Began as a Minotaur Fighter on Jan 7, 2018.
             Slain by a sky beast (6 damage)
             ... on level 3 of the Dungeon.
             The game lasted 00:01:33 (1578 turns).

Kloppie the Skirmisher (Minotaur Fighter)           Turns: 1578, Time: 00:01:34

Health: 0/35       AC:  6    Str: 21    XL:     3   Next: 87%
Magic:  2/2        EV:  7    Int:  5    God:
Gold:   85         SH:  9    Dex:  9    Spells: 2/2 levels left

rFire    . . .     SeeInvis .   a - +0 war axe
rCold    . . .     Gourm    .   c - +0 shield
rNeg     . . .     Faith    .   b - +0 scale mail
rPois    .         Spirit   .   (helmet restricted)
rElec    .         Reflect  .   (no cloak)
rCorr    .         Harm     .   (no gloves)
MR       .....                  (no boots)
Stlth    ..........             (no amulet)
HPRegen  0.11/turn              (no ring)
MPRegen  0.08/turn              (no ring)

@: no status effects
A: retaliatory headbutt, horns 2
a: no special abilities


You were on level 3 of the Dungeon.
You were not hungry.

You visited 1 branch of the dungeon, and saw 3 of its levels.

You collected 85 gold pieces.

Inventory:

Hand Weapons
 a - a +0 war axe (weapon)
Armour
 b - a +0 scale mail (worn)
 c - a +0 shield (worn)
Scrolls
 e - a scroll of identify {unknown}
 h - 2 scrolls of magic mapping {unknown}
 k - 2 scrolls of remove curse {unknown}
 n - a scroll of teleportation {unknown}
 o - a scroll of immolation {unknown}
 p - a scroll of fear {unknown}
Potions
 d - a potion of might
 i - a potion of haste {unknown}
 j - a potion of curing {unknown}
 m - 2 potions of brilliance {unknown}
Books
 g - a book of Changes

   Spells                             Type                      Level
   a - Beastly Appendage              Transmutation                1
   b - Sticks to Snakes               Transmutation                2
   c - Spider Form                    Transmutation/Poison         3
   d - Ice Form                       Ice/Transmutation            4
   e - Blade Hands                    Transmutation                5
Comestibles
 f - 4 rations
 l - 5 chunks of flesh


   Skills:
 + Level 4.8 Fighting
 + Level 4.0 Axes
 - Level 3.6 Armour
 - Level 3.6 Shields


You had 2 spell levels left.
You didn't know any spells.

Dungeon Overview and Level Annotations

Branches:
Dungeon (3/15)

Altars:


Innate Abilities, Weirdness & Mutations

You reflexively headbutt those who attack you in melee.
You have a pair of horns on your head.


Message History

Your headbutt misses the sky beast.
The sky beast is moderately wounded.
The sky beast hits you but does no damage.
The sky beast flickers out of sight!
Deactivating autopickup; reactivate with Ctrl-A.
Something hits you. Something shocks you.
* * * LOW HITPOINT WARNING * * *
You closely miss something. Something hits you but does no damage.
You slash something! You block something's attack.
Something hits you but does no damage.
You closely miss something. Something hits you but does no damage.
Your shield prevents you from hitting something.
Something hits you.
* * * LOW HITPOINT WARNING * * *
Something shocks you.
* * * LOW HITPOINT WARNING * * *
Something hits you.
* * * LOW HITPOINT WARNING * * *
Something shocks you.
You die...

### #.. .### #.# ###
.... ... .. .... #.#
#.## ##..# #.# ..# ....#
# #.# #.# ...#.⌠.
#######.#####.###....#
...........@{....†...#
###.........##.######...
#.........##.##
#(........##..#
#.........###.#
#.........# #.#
#.........###.#####..
#.........##.........
#.........##.#.######
#+#


There were no monsters in sight!

Vanquished Creatures
  2 adders
  A worm (D:3)
  A leopard gecko (D:2)
  3 ball pythons
  2 giant cockroaches (D:1)
  2 goblins
  6 hobgoblins
  2 quokkas (D:2)
  3 bats
  5 frilled lizards
  7 kobolds
  8 rats
42 creatures vanquished.

Notes
Turn   | Place    | Note
-------+----------+-------------------------------------------
     0 | D:1      | Kloppie the Minotaur Fighter began the quest for the Orb.
     0 | D:1      | Reached XP level 1. HP: 19/19 MP: 0/0
   309 | D:1      | Reached XP level 2. HP: 27/27 MP: 1/1
  1020 | D:2      | Reached XP level 3. HP: 24/34 MP: 2/2
  1567 | D:3      | Noticed a sky beast
  1578 | D:3      | Slain by a sky beast

Skill      XL: |  1  2  3 |
---------------+----------+-----
Fighting       | 4 |  4.8
Axes           | 3 4 |  4.0
Armour         | |  3.6
Shields        | |  3.6

Action                   || total
-------------------------++-------
Melee: War axe           ||   101
       Headbutt          ||    12
  Eat: Chunk             ||     2
Armor: Scale mail        ||    40
Dodge: Dodged            ||    22
Block: Shield            ||    52
